 Dungeon Crawl Stone Soup version 0.31.0 (webtiles) character file.

Game seed: 2297099100647408713

11 qw the Shooter (level 2, -3/17 HPs)
             Began as a Gargoyle Hunter on Jan 19, 2024.
             Slain by Sigmund
             ... wielding a +0 scythe
              (6 damage)
             ... on level 2 of the Dungeon.
             The game lasted 00:00:02 (805 turns).

qw the Shooter (Gargoyle Hunter)                     Turns: 805, Time: 00:00:02

Health: -3/17      AC:  5    Str: 14    XL:     2   Next: 29%
Magic:  2/2        EV: 11    Int:  9    God:
Gold:   54         SH:  0    Dex: 13    Spells: 1/1 levels left

rFire   . . .        a - +0 shortbow
rCold   . . .        (shield currently unavailable)
rNeg    + . .        c - +0 leather armour
rPois   inf          (no helmet)
rElec   +            (no cloak)
rCorr   .            (no gloves)
SInv    .            (no boots)
Will    .....        (no amulet)
Stlth   +            (no ring)
HPRegen 0.22/turn    (no ring)
MPRegen 0.08/turn

%: no passive effects
@: no status effects
A: sickness immunity, AC +2, negative energy resistance 1, electricity
resistance, torment resistance 1, petrification resistance
a: no special abilities


You were on level 2 of the Dungeon.
You visited 1 branch of the dungeon, and saw 2 of its levels.

You collected 54 gold pieces.


Innate Abilities, Weirdness & Mutations

You are immune to sickness and miasma.
Your stone body is resilient. (AC +2)
You are immune to poison.
You resist negative energy. (rN+)
You are resistant to electric shocks. (rElec)
You are resistant to unholy torment.
You are immune to petrification.


   Skills:
 - Level 2.1 Fighting
 + Level 4.5 Ranged Weapons
 - Level 1.5 Dodging
 - Level 1.1 Stealth


You had one spell level left.
You didn't know any spells.
Your spell library was empty.

Inventory:

Hand Weapons
 a - a +0 shortbow (weapon)
Armour
 c - a +0 leather armour (worn)
Potions
 d - a potion of haste {unknown}
 e - 2 potions of curing {unknown}

Dungeon Overview and Level Annotations

Branches:
Dungeon (2/15)

Altars:

Annotations:
D:2 Sigmund


Message History

The quokka bites you but does no damage.
The quokka closely misses you.
You shoot an arrow. The arrow hits the quokka.
You kill the quokka!
You see here a quokka corpse.
e - 2 sedimented yellow potions (gained 1)
You open the door.
Sigmund and a frilled lizard come into view.
Sigmund is wielding a +0 scythe and wearing a +2 robe of willpower.
You shoot an arrow. The arrow hits Sigmund.
Sigmund shouts!
Sigmund is lightly wounded.
You shoot an arrow. The frilled lizard hisses angrily.
The arrow hits Sigmund.
Sigmund is moderately wounded.
You shoot an arrow. The arrow barely misses Sigmund.
The arrow completely misses the frilled lizard.
You shoot an arrow. The arrow closely misses Sigmund.
The arrow closely misses the frilled lizard.
Sigmund casts a spell.
Sigmund flickers and vanishes!
Deactivating autopickup; reactivate with Ctrl-A.
You shoot an arrow.
The arrow barely misses the frilled lizard.
You shoot an arrow.
The arrow barely misses the frilled lizard.
Something hits you!
You shoot an arrow.
The arrow closely misses the frilled lizard.
The frilled lizard bites you but does no damage.
Something hits you but does no damage. The frilled lizard closely misses you.
You shoot an arrow.
The arrow barely misses the frilled lizard.
Something hits you. The frilled lizard bites you.
You shoot an arrow.
The arrow closely misses the frilled lizard.
The frilled lizard bites you but does no damage.
Something hits you.
You die...

..######.# ####.#
#<...## #.#####.#
#.......#
###########.#
..... #...#
......###.########
......l@..........
......####.....###
..... #.....# ....
####### ... ##


You could see a frilled lizard.

Vanquished Creatures
  2 endoplasms (D:1)
  A kobold (D:1)
  2 quokkas
  3 bats (D:1)
  2 rats (D:1)
10 creatures vanquished.

Notes
Turn   | Place    | Note
-------+----------+-------------------------------------------
     0 | D:1      | qw the Gargoyle Hunter began the quest for the Orb.
     0 | D:1      | Reached XP level 1. HP: 12/12 MP: 1/1
     0 | D:1      | 0 ||| qw: Version: 0.3-a-132-g3d54051
     0 | D:1      | 0 ||| qw: Game counter: 307
     0 | D:1      | 0 ||| qw: Melee chars always use a shield: true
     0 | D:1      | 0 ||| qw: God list: Okawaru
     0 | D:1      | 0 ||| qw: Allow faded altars: false
     0 | D:1      | 0 ||| qw: Do Orc after clearing Dungeon:15 true
     0 | D:1      | 0 ||| qw: Do second Lair branch before Depths: true
     0 | D:1      | 0 ||| qw: Lair rune preference: random
     0 | D:1      | 0 ||| qw: Goals: Normal
     0 | D:1      | 0 ||| PLANNING D:1-11
   232 | D:1      | HP: 3/12 [quokka (3)]
   338 | D:1      | Reached XP level 2. HP: 17/17 MP: 2/2
   357 | D:1      | Found a faded altar of an unknown god.
   618 | D:1      | 618 ||| READING 2 scrolls labelled HOINO XYTWUTE.
   719 | D:1      | 719 ||| READING scroll labelled XEIRESCH CAIZ.
   720 | D:1      | 720 ||| DROPPING scroll of butterflies.
   721 | D:1      | 721 ||| DROPPING scroll of vulnerability.
   796 | D:2      | Noticed Sigmund
   804 | D:2      | HP: 4/17 [something (5)]
   805 | D:2      | Slain by Sigmund

Levels and vault maps discovered:
D:1:      dpeg_arrival_shrine, layout_basic, ebering_ecumenical_altar_petrified,
          chequers_arboretum, minmay_tiny_reverse_x
D:2:      layout_basic, basic_altar, serial_shops, shop, uniq_sigmund

Action                     || total
---------------------------++-------
   Fire: Shortbow          ||    52
    Use: Scroll            ||     2
 Armour: Leather armour    ||    23
  Dodge: Dodged            ||    24

Table legend:
 A = Non-vault XP
 B = Vault XP
 C = Vault XP percentage of total XP
 D = Non-vault monster count
 E = Vault monster count
 F = Vault count percentage of total count
                 A         B        C        D         E       F
            +---------+---------+-------+---------+---------+-------
      Total |      13 |       4 |  23.5 |       8 |       2 |  20.0
            +---------+---------+-------+---------+---------+-------
        D:1 |      11 |       4 |  26.7 |       7 |       2 |  22.2
        D:2 |       2 |       0 |   0.0 |       1 |       0 |   0.0
            +---------+---------+-------+---------+---------+-------
